 Dungeon Crawl Stone Soup version 0.29.1-1-gd02db6906a (webtiles) character file.

Game seed: 12302052674823774230

355 safid the Shooter (level 6, -3/56 HPs)
             Began as a Minotaur Hunter on Sept 15, 2022.
             Slain by Edmund
             ... wielding a +1 flail of protection
              (9 damage)
             ... on level 4 of the Dungeon.
             The game lasted 00:04:11 (3177 turns).

safid the Shooter (Minotaur Hunter)                 Turns: 3177, Time: 00:04:11

Health: -3/56      AC:  6    Str: 16    XL:     6   Next: 36%
Magic:  5/5        EV: 13    Int:  6    God:
Gold:   263        SH:  0    Dex: 15    Spells: 5/5 levels left

rFire   . . .      SeeInvis .   a - +0 shortbow
rCold   . . .      Faith    .   (shield currently unavailable)
rNeg    . . .      Spirit   .   c - +0 leather armour
rPois   .          Reflect  .   (helmet restricted)
rElec   .          Harm     .   (no cloak)
rCorr   +          Rampage  .   h - +0 pair of gloves
Will    .....                   j - +1 pair of boots
Stlth   +.........              (no amulet)
HPRegen 0.18/turn               n - ring of resist corrosion
MPRegen 0.09/turn               w - ring of flight

@: mighty, flying
A: horns 2, retaliatory headbutt
a: no special abilities


You were on level 4 of the Dungeon.
You visited 2 branches of the dungeon, and saw 5 of its levels.

You collected 263 gold pieces.

Inventory:

Hand Weapons
 a - a +0 shortbow (weapon)
Armour
 c - a +0 leather armour (worn)
 h - a +0 pair of gloves (worn)
 j - a +1 pair of boots (worn)
Jewellery
 n - a ring of resist corrosion (left hand)
 w - a ring of flight (right hand)
Wands
 o - a wand of charming (23)
Scrolls
 d - a scroll of magic mapping {unknown}
 f - 3 scrolls of blinking {unknown}
 g - 3 scrolls of identify {unknown}
 i - 2 scrolls of enchant weapon {unknown}
 k - 2 scrolls of teleportation {unknown}
 l - 2 scrolls of vulnerability {unknown}
 p - 3 scrolls of torment {unknown}
 q - a scroll of fog {unknown}
 u - a scroll of poison {unknown}
 x - a scroll of summoning {unknown}
Potions
 b - a potion of heal wounds {unknown}
 e - a potion of mutation {unknown}
 m - a potion of berserk rage {unknown}
 r - a potion of might
 s - a potion of magic {unknown}
 t - a potion of attraction {unknown}
 v - a potion of curing {unknown}


   Skills:
 + Level 5.4 Fighting
 + Level 6.2 Ranged Weapons
 - Level 4.0 Dodging
 - Level 0.7 Stealth


You had 5 spell levels left.
You didn't know any spells.
Your spell library contained the following spells:

 Spells                   Type           Power      Damage    Failure   Level
 Shock                    Conj/Air       0%         1d3       52%         1
 Dazzling Flash           Conj/Hex       0%         N/A       88%         3
 Gell's Gravitas          Tloc           0%         N/A       88%         3
 Lesser Beckoning         Tloc           0%         N/A       88%         3
 Swiftness                Air            0%         N/A       88%         3
 Teleport Other           Tloc           0%         N/A       88%         3
 Airstrike                Air            0%         2d(0-16)  99%         4
 Anguish                  Hex/Necr       0%         N/A       99%         4
 Fulminant Prism          Conj/Hex       0%         3d6       99%         4
 Passage of Golubria      Tloc           0%         N/A       99%         4
 Dispersal                Tloc           0%         N/A       100%        6
 Enfeeble                 Hex            0%         N/A       100%        7
 Lehudib's Crystal Spear  Conj/Erth      0%         10d2      100%        8
 Fire Storm               Conj/Fire      0%         5d1       100%        9


Dungeon Overview and Level Annotations

Branches:
Dungeon (4/15)             Temple (1/1) D:4

Altars:
Ashenzari
Dithmenos
Elyvilon
Fedhas
Kikubaaqudgha
Makhleb
Nemelex Xobeh
Ru
Trog
Uskayaw
Wu Jian
Yredelemnul
The Shining One

Annotations:
D:4 Edmund


Innate Abilities, Weirdness & Mutations

You have a pair of horns on your head.
You reflexively headbutt those who attack you in melee.


Message History

Edmund hits you but does no damage.
Fire: a) +0 shortbow
Press: ? - help, Q - select action, (/) - cycle Shift-Dir - straight line, f/p - Edmund
Aim: Edmund, wielding a +1 flail of protection and wearing a +0 chain mail (heavily wounded, 71% to hit)
You shoot an arrow. The arrow completely misses Edmund.
Edmund hits you with a +1 flail of protection.
* * * LOW HITPOINT WARNING * * *
Fire: a) +0 shortbow
Press: ? - help, Q - select action, (/) - cycle Shift-Dir - straight line, f/p - Edmund
Aim: Edmund, wielding a +1 flail of protection and wearing a +0 chain mail (heavily wounded, 71% to hit)
You shoot an arrow.
The arrow hits Edmund but does no damage.
Edmund is heavily wounded.
Edmund hits you but does no damage.
Fire: a) +0 shortbow
Press: ? - help, Q - select action, (/) - cycle Shift-Dir - straight line, f/p - Edmund
Aim: Edmund, wielding a +1 flail of protection and wearing a +0 chain mail (heavily wounded, 71% to hit)
You shoot an arrow. The arrow closely misses Edmund.
Edmund barely misses you. Edmund misses you.
Fire: a) +0 shortbow
Press: ? - help, Q - select action, (/) - cycle Shift-Dir - straight line, f/p - Edmund
Aim: Edmund, wielding a +1 flail of protection and wearing a +0 chain mail (heavily wounded, 71% to hit)
You shoot an arrow. The arrow barely misses Edmund.
Edmund hits you with a +1 flail of protection.
* * * LOW HITPOINT WARNING * * *
Fire: a) +0 shortbow
Press: ? - help, Q - select action, (/) - cycle Shift-Dir - straight line, f/p - Edmund
Aim: Edmund, wielding a +1 flail of protection and wearing a +0 chain mail (heavily wounded, 71% to hit)
You shoot an arrow.
The arrow hits Edmund but does no damage.
Edmund is heavily wounded.
Edmund hits you but does no damage.
Fire: a) +0 shortbow
Press: ? - help, Q - select action, (/) - cycle Shift-Dir - straight line, f/p - Edmund
Aim: Edmund, wielding a +1 flail of protection and wearing a +0 chain mail (heavily wounded, 71% to hit)
You shoot an arrow.
The arrow hits Edmund but does no damage.
Edmund is heavily wounded.
Edmund hits you with a +1 flail of protection!
You die...

#. ...≈..≈....... #.
#.≈≈~##≈≈####.. #.
#.###.##≈## ###
#.##....≈..≈.## #
..#..#≈~###..####
##.#..≈~##.#......
##.....≈......≈#...
##.......#....≈≈≈...
##.@#...###..#.##...
...###.@#...# #..#.##...
...###..#...# #..#.#####
.#..##..#..## #..#.#####
##..#..###.####..#......
##....####......<.......
##...##.##..###..#######
## ##### #.##..# #..# #
.# ####
#.....###..#######


You could see Edmund.

Vanquished Creatures
  A phantom (D:4)
  A scorpion (D:4)
  A jelly (D:4)
  A hound (D:4)
  An iguana (D:4)
  6 adders (D:2)
  2 worms
  3 orcs (D:4)
  8 ball pythons
  8 bats
  8 endoplasms
  3 giant cockroaches
  7 goblins
  3 hobgoblins
  2 jackals (D:1)
  5 kobolds
  3 quokkas
  4 frilled lizards
  7 rats
74 creatures vanquished.

Vanquished Creatures (others)
  A plant (D:2)
1 creature vanquished.

Grand Total: 75 creatures vanquished

Notes
Turn   | Place    | Note
-------+----------+-------------------------------------------
     0 | D:1      | safid the Minotaur Hunter began the quest for the Orb.
     0 | D:1      | Reached XP level 1. HP: 18/18 MP: 0/0
   192 | D:1      | Reached XP level 2. HP: 25/25 MP: 1/1
   390 | D:1      | Found a faded altar of an unknown god.
   839 | D:1      | Reached XP level 3. HP: 31/31 MP: 2/2
  1088 | D:2      | Reached skill level 5 in Ranged Weapons
  1122 | D:2      | Reached XP level 4. HP: 39/39 MP: 3/3
  1442 | D:2      | Found a broken altar of Ashenzari.
  2179 | D:4      | Got Sif Muna's Codex of the Salvo
  2192 | D:4      | Noticed a phantom
  2204 | D:4      | Killed a phantom
  2205 | D:4      | Reached XP level 5. HP: 39/47 MP: 4/4
  2295 | D:4      | Got the Catalogue of Transposed Calefaction
  2405 | D:4      | Found a blossoming altar of Fedhas.
  2468 | D:4      | Reached skill level 5 in Fighting
  2468 | D:4      | Reached XP level 6. HP: 43/56 MP: 5/5
  2662 | D:4      | Reached skill level 6 in Ranged Weapons
  2707 | D:4      | Found a staircase to the Ecumenical Temple.
  2755 | D:4      | Noticed Edmund
  2797 | Temple   | Entered the Ecumenical Temple
  3177 | D:4      | Slain by Edmund

Illustrated notes

Levels and vault maps discovered:
D:1:      dpeg_arrival_radiant, layout_loops_ring,
          ebering_ecumenical_altar_sacrificial
D:2:      layout_basic, basic_altar, grunt_ministairs_2, minivault_24,
          minmay_statues_item, serial_bayou_pond_e
D:3:      layout_basic, hangedman_decor_riveting
D:4:      layout_basic, old_standard_altar, minmay_temple_entry_glassed_door,
          chequers_serial_rivers_small_b, hangedman_glass_teeth, uniq_edmund,
          uniq_eustachio
Temple:   nicolae_temple_godzebo

Skill      XL: |  1  2  3  4  5  6 |
---------------+-------------------+-----
Fighting       | 3 4 5 |  5.4
Dodging        | 3 4 |  4.0
Ranged Weapons | 5 6 |  6.2
Stealth        | |  0.7

Action                   |  1- 3 |  4- 6 || total
-------------------------+-------+-------++-------
 Fire: Shortbow          |    85 |   166 ||   251
  Use: Potion            |       |     1 ||     1
Armor: Leather armour    |    13 |    27 ||    40
Dodge: Dodged            |    28 |    35 ||    63
